cohdb
Replays
Latest Replays
All Replays
Popular Replays
Top Player Replays
Match Explorer
How It Works
Community
CoH3 Stats
Reddit
Sign in to upload your games and track your stats! →
Sign in with Steam
Match 36441911
Unlisted
Match 36441911
Overview
Messages
Build Orders
End
Construct Weapon Support Center
Bazooka Squad
M1919 Machine Gun Team
Selects Advanced Infantry Battlegroup
Construct Barracks
Riflemen Squad
Selects Convert to Ranger Squad
Infantry Support Center
Ranger Squad
Convert to Ranger Squad
Selects Frontline Medical Station
Advanced Logistics
Riflemen Squad
Frontline Medical Station
Convert to Ranger Squad
Selects Ranger Weapon Training
Survival Training
Munitions Surplus
Riflemen Squad
Convert to Ranger Squad
Selects Ammunition Storage
Ranger Squad
Riflemen Squad
Convert to Ranger Squad
Construct Tank Depot
Microsoft Outlook
deadsadbadmad
MozG64
BaZzZookKa SaM
0
0
Comments
sign in to comment!
No comments posted yet!